 Dungeon Crawl Stone Soup version 0.25-a0-341-g6f074c887a (webtiles) character file.

Game seed: 6704544480027561599, levelgen mode: deterministic

135 sankara the Grave Robber (level 5, -2/38 HPs)
             Began as a Hill Orc Necromancer on Dec 30, 2019.
             Slain by an orc
             ... wielding a +0 trident
              (3 damage)
             ... on level 3 of the Dungeon.
             The game lasted 00:08:53 (2682 turns).

sankara the Grave Robber (Hill Orc Necromancer)     Turns: 2682, Time: 00:08:54

Health: -2/38      AC:  2    Str: 11    XL:     5   Next: 18%
Magic:  0/7        EV: 12    Int: 16    God:
Gold:   101        SH:  0    Dex: 11    Spells: 2/7 levels left

rFire    . . .     SeeInvis .   g - +1 dagger (venom)
rCold    . . .     Gourm    .   (no shield)
rNeg     . . .     Faith    .   a - +0 robe
rPois    .         Spirit   .   (no helmet)
rElec    .         Reflect  .   (no cloak)
rCorr    .         Harm     .   (no gloves)
MR       .....                  (no boots)
Stlth    +++.......             (no amulet)
HPRegen  0.12/turn              r - ring of stealth {Stlth+}
MPRegen  0.10/turn              (no ring)

@: flying
A: no striking features
a: Convert to Beogh


You were on level 3 of the Dungeon.
You were near starving.

You visited 1 branch of the dungeon, and saw 3 of its levels.

You collected 101 gold pieces.

Inventory:

Hand Weapons
 b - a +0 whip
   (You took it off a gnoll on level 1 of the Dungeon)
 g - a +1 dagger of venom (weapon)
   (You took it off a goblin on level 1 of the Dungeon)
Missiles
 h - 19 stones (quivered)
 n - 11 poisoned darts
Armour
 a - a +0 robe (worn)
 u - a +3 chain mail
   (You took it off an orc on level 3 of the Dungeon)
Jewellery
 r - a ring of stealth (left hand) {Stlth+}
   (You found it on level 2 of the Dungeon)
Scrolls
 e - a scroll of magic mapping {unknown}
 i - a scroll of blinking {unknown}
 l - 2 scrolls of enchant armour {unknown}
 m - a scroll of teleportation {unknown}
 o - a scroll of fear {unknown}
 p - 2 scrolls of identify {unknown}
 q - 2 scrolls of remove curse {unknown}
Potions
 d - a potion of agility {unknown}
 f - a potion of mutation {unknown}
 j - a potion of haste {unknown}
 k - a potion of curing
 s - a potion of lignification {unknown}
Comestibles
 c - 6 rations


   Skills:
 + Level 2.7 Dodging
 - Level 1.5 Stealth
 - Level 1.5 Spellcasting
 * Level 5.6 Necromancy


You had 2 spell levels left.
You knew the following spells:

 Your Spells              Type           Power        Failure   Level  Hunger
a - Pain                  Necr           ###.         2%          1    ##.....
b - Animate Skeleton      Necr           N/A          2%          1    ##.....
c - Vampiric Draining     Necr           ###.......   6%          3    ####...

Your spell library contained the following spells:

 Spells                   Type           Power        Failure   Level  Hunger
 Regeneration             Chrm/Necr      ##........   21%         3    ####...
 Animate Dead             Necr           N/A          22%         4    #####..


Dungeon Overview and Level Annotations

Branches:
Dungeon (3/15)

Altars:


Message History

There is a stone staircase leading down here.
k - 2 emerald potions (gained 1)
You are feeling very hungry.
There is a stone staircase leading down here.
An orc comes into view. It is wielding a +0 trident.
An orc wizard comes into view. It is wielding a +1 dagger of venom.
The orc wizard shouts!
An orc priest comes into view.
The orc wizard gestures at you while chanting.
The magic dart hits you! The orc wizard casts a spell at you.
The magic dart hits you.
The orc shouts!
You are too injured to fight recklessly!
You are too injured to fight recklessly!
The orc priest shouts, "Surrender to Beogh and we'll let you live!" (press Y on the ability menu to convert to Beogh)
You hear a shout!
An orc wizard comes into view. It is wielding a +0 dagger.
The orc wizard shouts!
The orc wizard hits you with a +1 dagger of venom.
You are poisoned.
The orc wizard mumbles some strange words.
The orc wizard seems to speed up.
You barely miss the orc wizard.
You feel sick.
The orc priest shouts, "Beogh is our master!
Accept the truth or die!"
An orc comes into view.
The orc wizard hits you with a +1 dagger of venom.
You are lethally poisoned!
You closely miss the orc wizard.
You feel sick.
The orc wizard hits you with a +1 dagger of venom.
* * * LOW HITPOINT WARNING * * *
You are more poisoned.
You hit the orc wizard.
The orc wizard is lightly wounded.
* * * LOW HITPOINT WARNING * * *
You feel sick. The orc wizard barely misses you.
You miss the orc wizard.
The orc wizard is lightly wounded.
* * * LOW HITPOINT WARNING * * *
You feel sick. The orc wizard barely misses you.
Casting: Animate Skeleton (safe; 2% risk of failure)
Confirm with . or Enter, or press ? or * to list all spells.
Aiming: Vampiric Draining (safe; 7% risk of failure)
Press: ? - help, Shift-Dir - straight line, f - orc wizard
Aim: an orc wizard, wielding a +1 dagger of venom and wearing a +0 robe (lightly wounded)
The orc wizard is severely wounded.
You feel life coursing into your body.
* * * LOW HITPOINT WARNING * * *
You feel sick.
The orc wizard mumbles some strange words.
The orc wizard blinks!
The orc wizard hits you with a +1 dagger of venom.
* * * LOW HITPOINT WARNING * * *
You are more poisoned.
Casting: Vampiric Draining (safe; 7% risk of failure)
Confirm with . or Enter, or press ? or * to list all spells.
Aiming: Vampiric Draining (safe; 7% risk of failure)
Press: ? - help, Shift-Dir - straight line, f/p - orc wizard
Aim: an orc wizard, wielding a +1 dagger of venom and wearing a +0 robe (severely wounded)
You kill the orc wizard!
You have reached level 5!
You feel stronger.
You feel life coursing into your body.
You are near starving!
* * * LOW HITPOINT WARNING * * *
You feel very sick.
The orc wizard mumbles some strange words.
The orc wizard blinks!
It was a potion of curing.
You feel better. The orc priest barely misses you.
The orc hits you from afar with a +0 trident.
* * * LOW HITPOINT WARNING * * *
You hit the orc priest.
The orc priest is poisoned.
The orc priest is moderately wounded.
The orc wizard points at you and mumbles some strange words.
You resist with some effort. The orc priest hits you.
* * * LOW HITPOINT WARNING * * *
The orc wizard misses you.
You hit the orc priest.
The orc priest looks as sick as possible!
The orc priest is heavily wounded.
The orc priest threatens, "By the altar or by the axe, you will meet Beogh!"
The orc closely misses you.
The orc wizard casts a spell.
The orc wizard blinks!
The orc priest barely misses you.
You barely miss the orc priest.
The orc priest is heavily wounded.
The orc wizard hits you with a +0 dagger.
* * * LOW HITPOINT WARNING * * *
The orc misses you. The orc priest closely misses you.
The orc wizard hits you with a +0 dagger.
* * * LOW HITPOINT WARNING * * *
Unknown command.
It was a potion of flight.
You feel very buoyant.
You fly up into the air.
The orc wizard hits you with a +0 dagger.
* * * LOW HITPOINT WARNING * * *
The orc hits you from afar with a +0 trident.
You die...

#####.#.....###.##
#.....<......#
####.######... #.#
#.## #.# #.# #.#
#.# #.# #.#
###########.# #.#
#ooo@o......# #.##
.....###########
#... ### ####


You could see an orc priest, an orc wizard and 2 orcs.

Vanquished Creatures
  2 orc wizards (D:3)
  2 gnolls (D:1)
  An adder (D:3)
  2 leopard geckos
  3 orcs (D:3)
  2 giant cockroaches
  8 goblins
  5 hobgoblins (D:1)
  A quokka (D:2)
  A ball python (D:2)
  7 bats
  2 frilled lizards
  5 kobolds
  5 rats
46 creatures vanquished.

Vanquished Creatures (collateral kills)
  A bat (D:1)
  A frilled lizard (D:2)
2 creatures vanquished.

Grand Total: 48 creatures vanquished

Notes
Turn   | Place    | Note
-------+----------+-------------------------------------------
     0 | D:1      | sankara the Hill Orc Necromancer began the quest for the
                  | Orb.
     0 | D:1      | Reached XP level 1. HP: 14/14 MP: 3/3
    61 | D:1      | Reached XP level 2. HP: 16/20 MP: 0/4
    64 | D:1      | Learned a level 1 spell: Animate Skeleton
   358 | D:1      | Reached skill level 2 in Dodging
   361 | D:1      | Reached XP level 3. HP: 22/26 MP: 0/5
   574 | D:1      | Learned a level 3 spell: Vampiric Draining
  1319 | D:2      | Reached skill level 5 in Necromancy
  1489 | D:2      | Reached XP level 4. HP: 33/33 MP: 6/6
  2674 | D:3      | HP: 7/33 [poisoned by an orc wizard]
  2677 | D:3      | Reached XP level 5. HP: 8/38 MP: 0/7
  2679 | D:3      | HP: 8/38 [orc priest (2)]
  2682 | D:3      | HP: 1/38 [orc wizard/+0 dagger (4)]
  2682 | D:3      | Slain by an orc

Levels and vault maps discovered:
D:1:      dpeg_arrival_shrine, layout_loops_ring, minmay_distorted
D:2:      layout_basic, chequers_jeans
D:3:      layout_loops_ring, uniq_crazy_yiuf_cottage

Skill      XL: |  1  2  3 |
---------------+----------+-----
Dodging        | 2 |  2.7
Necromancy     | 5 |  5.6
Stealth        | |  1.5
Spellcasting   | |  1.5

Action                   |  1- 3 |  4- 6 || total
-------------------------+-------+-------++-------
Melee: Dagger            |    60 |    44 ||   104
 Cast: Pain              |    16 |       ||    16
       Animate Skeleton  |    12 |     3 ||    15
       Vampiric Draining |     1 |     2 ||     3
  Use: Potion            |       |     2 ||     2
 Stab: Sleeping          |     4 |     1 ||     5
  Eat: Chunk             |     3 |     2 ||     5
Armor: Robe              |     8 |    12 ||    20
Dodge: Dodged            |    48 |    51 ||    99

Table legend:
 A = Non-vault XP
 B = Vault XP
 C = Vault XP percentage of total XP
 D = Non-vault monster count
 E = Vault monster count
 F = Vault count percentage of total count
                 A         B        C        D         E       F
            +---------+---------+-------+---------+---------+-------
      Total |     179 |      14 |   7.3 |      47 |       1 |   2.1
            +---------+---------+-------+---------+---------+-------
        D:1 |      48 |      14 |  22.6 |      21 |       1 |   4.5
        D:2 |      29 |       0 |   0.0 |      17 |       0 |   0.0
        D:3 |     102 |       0 |   0.0 |       9 |       0 |   0.0
            +---------+---------+-------+---------+---------+-------

Levels and vault maps discovered:
D:1:      dpeg_arrival_shrine, layout_loops_ring, minmay_distorted
D:2:      layout_basic, chequers_jeans
D:3:      layout_loops_ring, uniq_crazy_yiuf_cottage

Table legend:
 A = Turns spent in this place as a percentage of turns spent in the entire game.
 B = Non-inter-level travel turns spent in this place as a percentage of non-inter-level travel turns spent in the entire game.
 C = Inter-level travel turns spent in this place as a percentage of turns spent in this place.
 D = Turns resting spent in this place as a percentage of non-inter-level travel turns spent in this place.
 E = Turns spent auto-exploring this place as a percentage of non-inter-level travel turns spent in this place.
 F = Non-inter-level travel turns spent in this place divided by the number of levels of this place that you've seen.
                   A       B       C       D       E      F
               +-------+-------+-------+-------+-------+----------------------
         Total | 100.0 | 100.0 |   3.0 |  31.2 |  51.9 | 867.0
       Dungeon | 100.0 | 100.0 |   3.0 |  31.2 |  51.9 | 867.0
               +-------+-------+-------+-------+-------+----------------------

Table legend:
 A = Kills in this place as a percentage of kills in entire the game.
 B = Kills by you in this place as a percentage of kills by you in the entire game.
 C = Kills by friends in this place as a percentage of kills by friends in the entire game.
 D = Other kills in this place as a percentage of other kills in the entire game.
 E = Experience gained in this place as a percentage of experience gained in the entire game.
 F = Experience gained in this place divided by the number of levels of this place that you have seen.
                   A       B       C       D       E      F
               +-------+-------+-------+-------+-------+----------------------
         Total | 100.0 | 100.0 | 100.0 |   N/A | 100.0 |  64.3
       Dungeon | 100.0 | 100.0 | 100.0 |   N/A | 100.0 |  64.3
               +-------+-------+-------+-------+-------+----------------------
